 Dungeon Crawl Stone Soup version 0.26-a0-639-g72c4674329 (webtiles) character file.

Game seed: 7749720932227857263

796 Borgoz the Ruffian (level 7, -1/60 HPs)
             Began as a Ghoul Monk on Sept 20, 2020.
             Slain by an orc warrior
             ... wielding a +0 scimitar of draining
              (20 damage)
             ... on level 5 of the Dungeon.
             The game lasted 00:06:04 (3987 turns).

Borgoz the Ruffian (Ghoul Monk)                     Turns: 3987, Time: 00:06:04

Health: -1/60      AC:  9    Str: 16    XL:     7   Next: 89%
Magic:  6/6        EV: 11    Int:  5    God:
Gold:   303        SH:  5    Dex: 12    Spells: 6/6 levels left

rFire    . . .     SeeInvis +     - Unarmed
rCold    + . .     Faith    .   (no shield)
rNeg     + + +     Spirit   .   h - +0 scale mail
rPois    ∞         Reflect  +   k - +2 hat {MR+}
rElec    .         Harm     .   (no cloak)
rCorr    .         Rampage  .   (no gloves)
MR       +....                  (no boots)
Stlth    +.........             l - amulet of reflection
HPRegen  0.00/turn              r - ring of see invisible
MPRegen  0.10/turn              (no ring)

@: mighty
A: rotting body, claws 1, cold resistance 1, negative energy resistance 3,
inhibited regeneration, torment resistance, unbreathing
a: no special abilities


You were on level 5 of the Dungeon.
You visited 1 branch of the dungeon, and saw 5 of its levels.

You collected 303 gold pieces.

Inventory:

Armour
 h - a +0 scale mail (worn)
 k - a +2 hat of magic resistance (worn)
Jewellery
 l - an amulet of reflection (around neck)
 r - a ring of see invisible (left claw)
Scrolls
 b - a scroll of magic mapping {unknown}
 c - 2 scrolls of fear {unknown}
 f - a scroll of blinking {unknown}
 m - 3 scrolls of teleportation {unknown}
 o - a scroll of enchant armour
 q - a scroll of amnesia {unknown}
 s - a scroll of identify
 t - 2 scrolls of remove curse
 u - a scroll of fog {unknown}
Potions
 a - 2 potions of haste
 d - a potion of ambrosia
 g - 2 potions of flight {unknown}
 i - a potion of might
 j - a potion of brilliance
 n - a potion of cancellation
 p - 2 potions of mutation {unknown}


   Skills:
 + Level 4.8 Fighting
 * Level 4.0 Armour
 + Level 4.0 Dodging
 - Level 3.9 Stealth
 * Level 6.0 Unarmed Combat


You had 6 spell levels left.
You didn't know any spells.
Your spell library was empty.

Dungeon Overview and Level Annotations

Branches:
Dungeon (5/15)
 Temple: D:4-7

Altars:
Elyvilon
Kikubaaqudgha
Nemelex Xobeh
Wu Jian

Shops:
D:5 (


Innate Abilities, Weirdness & Mutations

Your body is rotting away.
You thrive by killing the living.
You are immune to poison.
You have sharp fingernails.
Your flesh is cold resistant. (rC+)
You are immune to negative energy. (rN+++)
You do not regenerate when monsters are visible.
You are immune to unholy pain and torment.
You can survive without breathing.


Message History

Okay, then.
You bump into the rock wall.
The orc wizard barely misses you.
The orc wizard hits you but does no damage.
The orc warrior hits you with a +0 scimitar of draining.
* * * LOW HITPOINT WARNING * * *
You bump into the rock wall.
The orc wizard mumbles some strange words.
The orc wizard blinks!
The orc warrior barely misses you.
You feel better.
You feel less invigorated.
Okay, then.
Okay, then.
You claw the orc warrior!
The orc warrior is severely wounded.
The orc warrior hits you with a +0 scimitar of draining.
You scratch the orc warrior.
The orc warrior is almost dead.
The orc wizard casts a spell.
The orc wizard blinks!
The orc warrior hits you with a +0 scimitar of draining!!
You die...

#.... ##### #...# ..... #
...# #.### ## #[##..##
#.# # #......>.. # #.# #.
#.##.##.o###..##.
#>####.##.##.##ooo)....(.
....#......#.###o###..###
<...#.....#..###@# #
<............##.∩#
....##.##......(.#
....##.##.##.##.o# #####
#.#.#.###.....
##...#####.###.#
#######...........
...†..>.###########
#########


You could see 2 orc warriors, an orc priest, an orc wizard (fast) and 2 orcs.

Vanquished Creatures
  Purgy (D:3)
  An ice beast (D:5)
  2 phantoms
  A scorpion (D:5)
  A bullfrog zombie (D:5)
  Jessica (D:2)
  Ijyb (D:2)
  Natasha (thrice) (D:3)
  An iguana (D:4)
  A worker ant (D:5)
  9 adders
  A white imp (D:5)
  An ooze (D:4)
  An adder zombie (D:5)
  A worm (D:4)
  5 leopard geckos
  4 orcs
  4 giant cockroaches (D:3)
  8 goblins (D:2)
  8 hobgoblins
  4 jackals
  2 quokkas
  2 ball pythons
  7 bats
  6 frilled lizards
  A giant cockroach zombie (D:5)
  8 kobolds
  8 rats
93 creatures vanquished.

Notes
Turn   | Place    | Note
-------+----------+-------------------------------------------
     0 | D:1      | Borgoz the Ghoul Monk began the quest for the Orb.
     0 | D:1      | Reached XP level 1. HP: 19/19 MP: 0/0
   117 | D:1      | Reached XP level 2. HP: 26/26 MP: 1/1
   441 | D:1      | Reached skill level 1 in Armour
   701 | D:2      | Found an ancient bone altar of Kikubaaqudgha.
   950 | D:2      | Reached XP level 3. HP: 31/31 MP: 2/2
   955 | D:2      | Noticed Jessica
   962 | D:2      | Killed Jessica
  1004 | D:2      | Found an ornate altar of the Wu Jian Council.
  1239 | D:2      | Noticed Ijyb
  1267 | D:2      | Killed Ijyb
  1267 | D:2      | Reached skill level 4 in Unarmed Combat
  1267 | D:2      | Reached XP level 4. HP: 33/40 MP: 3/3
  1646 | D:3      | Noticed Purgy
  1661 | D:3      | Killed Purgy
  1661 | D:3      | Reached XP level 5. HP: 19/46 MP: 4/4
  1908 | D:3      | Noticed Natasha
  1916 | D:3      | Killed Natasha
  1916 | D:3      | Reached XP level 6. HP: 49/52 MP: 5/5
  2018 | D:3      | Noticed Natasha
  2025 | D:3      | Killed Natasha
  2251 | D:3      | Noticed a phantom
  2268 | D:3      | Killed a phantom
  2268 | D:3      | Reached skill level 5 in Unarmed Combat
  2370 | D:3      | Noticed Natasha
  2380 | D:3      | Killed Natasha
  2608 | D:3      | Found a faded altar of an unknown god.
  2680 | D:3      | Reached XP level 7. HP: 60/60 MP: 6/6
  2998 | D:4      | Found a white marble altar of Elyvilon.
  3281 | D:4      | Found a sparkling altar of Nemelex Xobeh.
  3381 | D:5      | Entered Level 5 of the Dungeon
  3920 | D:5      | Reached skill level 6 in Unarmed Combat
  3946 | D:5      | Found Ocwyum's Antique Weapon Boutique.
  3983 | D:5      | HP: 3/60 [orc warrior/+0 scimitar of draining (5)]
  3987 | D:5      | Slain by an orc warrior

Illustrated notes

Levels and vault maps discovered:
D:1:      dpeg_arrival_shelter, layout_basic, minmay_liquid_box
D:2:      kennysheep_the_goblin_king, layout_loops_corners, marbit_many_paths,
          lemuel_round_altar, kennysheep_another_room, uniq_jessica
D:3:      kennysheep_six_static_rooms, layout_basic,
          chequers_ecumenical_altar_grove, uniq_natasha, uniq_purgy
D:4:      layout_rooms, elyvilon_altar_4, nemelex_dance_club_becter
D:5:      layout_loops_ring, serial_shops, shop

Skill      XL: |  1  2  3  4  5  6  7 |
---------------+----------------------+-----
Armour         | 1 2 3 4 |  4.0
Dodging        | 3 4 |  4.0
Unarmed Combat | 4 5 6 |  6.0
Fighting       | 4 |  4.8
Stealth        | 3 |  3.9

Action                   |  1- 3 |  4- 6 |  7- 9 || total
-------------------------+-------+-------+-------++-------
Melee: Unarmed           |   114 |   168 |   128 ||   410
       Punch             |     4 |     1 |     2 ||     7
  Use: Potion            |     2 |       |     3 ||     5
       Scroll            |     1 |     7 |     1 ||     9
 Stab: Sleeping          |     6 |       |       ||     6
Armor: Robe              |    19 |     1 |       ||    20
       Scale mail        |       |    65 |    35 ||   100
Dodge: Dodged            |    78 |    55 |    52 ||   185
Block: Other             |       |    29 |    20 ||    49

Table legend: (Time is in decaauts)
 A = Elapsed time spent in this place.
 B = Non-inter-level travel time spent in this place.
 C = Inter-level travel time spent in this place.
 D = Time resting spent in this place.
 E = Time spent auto-exploring this place.
 F = Levels seen in this place.
 G = Mean time per level.
                   A        B        C        D        E       F      G
               +--------+--------+--------+--------+--------+-----+--------+
         Total |   3951 |   3893 |     58 |    561 |   2580 |   5 |  790.2 |
       Dungeon |   3951 |   3893 |     58 |    561 |   2580 |   5 |  790.2 |
               +--------+--------+--------+--------+--------+-----+--------+

Top non-repeatable levels by time:
     D:3: 1158 daAuts
     D:2: 922 daAuts
     D:1: 662 daAuts
     D:4: 610 daAuts
     D:5: 596 daAuts
